 Dungeon Crawl Stone Soup version 0.31-a0-844-gdc52ec4e09 (webtiles) character file.

Game seed: 11221372713365904212

716075 Joey1 the Bringer of Light (level 27, -29/273 HPs)
             Began as a Minotaur Berserker on Sept 30, 2023.
             Was the Champion of the Shining One.
             Annihilated by Cerebov
             ... wielding the +6 sword of Cerebov {flame}
              (60 damage)
             ... in Pandemonium on Oct 1, 2023.
             The game lasted 04:17:41 (91814 turns).

Joey1 the Bringer of Light (Minotaur Berserker)    Turns: 91814, Time: 04:17:42

Health: -29/273    AC: 33    Str: 29    XL:     27
Magic:  26/35      EV: 12    Int: 10    God:    the Shining One [******]
Gold:   4198       SH: 37    Dex: 18    Spells: 26/26 levels left

rFire   + . .        J - +9 broad axe (holy)
rCold   + + +        u - +8 tower shield
rNeg    + + +        Q - +1 crystal plate armour {rC+}
rPois   +            (helmet unavailable)
rElec   +            T - +0 cloak {Will+}
rCorr   +            G - +0 pair of fencer's gloves {Riposte Dex+3}
SInv    .            E - +2 pair of boots {Fly}
Will    ++++.        V - amulet of Summertime {Reflect Rampage Fly Str+2 SH+5} Stlth
                     w - ring of the Scavenger {Drain rElec rC+ Will+ Dex+2}
HPRegen 0.65/turn    a - ring "Keogif" {Wiz Fly rF+ rN+ rCorr}
MPRegen 0.24/turn

%: reflection, rampage, wizardry (x1)
@: resistant, fire vulnerable, flying, glowing, unable to read
A: horns 3, retaliatory headbutt, claws 1, deterioration 1, low MP 1, inability
to read after injury 1
}: 6/15 runes: decaying, slimy, silver, abyssal, demonic, gossamer
a: Renounce Religion, Divine Shield, Cleansing Flame, Summon Divine Warrior


You were in Pandemonium.
You worshipped the Shining One.
The Shining One was exalted by your worship.
You visited 13 branches of the dungeon, and saw 53 of its levels.
You visited Pandemonium 1 time, and saw 9 of its levels.
You visited the Abyss 1 time.
You also visited: Bailey, Ice Cave and Desolation.

You collected 8072 gold pieces.
You spent 3874 gold pieces at shops.

Inventory:

Hand Weapons
 J - a +9 broad axe of holy wrath (weapon)
 U - a +5 heavy broad axe
Missiles
 F - 15 javelins
 W - a throwing net
 Y - 4 curare-tipped darts
Armour
 k - the +4 tower shield "Vibisuku" {rElec Regen+ Int+3 Dex+3}
   (You took it off a daeva in Pandemonium)

   Int+3:     It affects your intelligence (+3).
   Dex+3:     It affects your dexterity (+3).
   rElec:     It insulates you from electricity.
   Regen+:    It increases your rate of health regeneration.
 l - a +2 plate armour of fire resistance
 u - a +8 tower shield (worn)
 D - a +0 hat
 E - a +2 pair of boots of flying (worn)
 G - the +0 pair of fencer's gloves (worn) {Riposte Dex+3}
   (You found it on level 3 of the Crypt)

   Riposte:   It allows the wearer to riposte with melee weapons, swiftly
   retaliating against missed or blocked melee attacks.
   Dex+3:     It affects your dexterity (+3).
 Q - a +1 crystal plate armour of cold resistance (worn)
 T - a +0 cloak of willpower (worn)
Jewellery
 a - the ring "Keogif" (right hand) {Wiz Fly rF+ rN+ rCorr}
   (You found it on level 1 of the Lair of Beasts)

   [ring of wizardry]

   Wiz:       It improves your spell success rate.
   rF+:       It protects you from fire.
   rN+:       It protects you from negative energy.
   Fly:       It grants you flight.
   rCorr:     It protects you from acid and corrosion.
 b - a ring of protection from cold
 i - a ring of willpower
 o - the macabre finger necklace {Finger+ rN+}
   (You found it on level 3 of the Depths)

   [amulet of nothing]

   Finger+:   It enables you to equip an extra ring.
   rN+:       It protects you from negative energy.
 w - the ring of the Scavenger (left hand) {Drain rElec rC+ Will+ Dex+2}
   (You bought it in a shop on level 1 of the Depths)

   [ring of protection from cold]

   Dex+2:     It affects your dexterity (+2).
   rC+:       It protects you from cold.
   rElec:     It insulates you from electricity.
   Will+:     It increases your willpower.
   Drain:     It drains your maximum health when unequipped.
 y - the amulet of Maoklise {rPois Regen+ Dex+3}
   (You took it off a cherub in Pandemonium)

   [amulet of regeneration]

   Dex+3:     It affects your dexterity (+3).
   rPois:     It protects you from poison Regen+: It increases your rate of
   health regeneration.
 C - the ring "Fesateo" {Fire rElec Int+5 Dex-4 Stlth+}
   (You acquired it on level 3 of the Spider Nest)

   [ring of fire]

   Fire:      It enhances your fire magic.
   Int+5:     It affects your intelligence (+5).
   Dex-4:     It affects your dexterity (-4).
   rF+:       It protects you from fire.
   rC-:       It makes you vulnerable to cold.
   rElec:     It insulates you from electricity.
   Stlth+:    It makes you more stealthy.
 H - a ring of poison resistance
 M - the ring of the Real Monster {rF+ rN+ Slay+2}
   (You found it on level 3 of the Crypt)

   [ring of positive energy]

   Slay+2:    It affects your accuracy & damage with ranged weapons and melee
   (+2).
   rF+:       It protects you from fire.
   rN+:       It protects you from negative energy.
 V - the amulet of Summertime (around neck) {Reflect Rampage Fly Str+2 SH+5}
   (You found it in the Desolation of Salt)

   [amulet of reflection]

   Reflect:   It reflects blocked missile attacks.
   Str+2:     It affects your strength (+2).
   Fly:       It grants you flight.
   SH+5:      It affects your SH (+5).
   Rampage:   It bestows one free step when moving towards enemies.
Wands
 B - a wand of light (33)
 K - a wand of digging (30)
 R - a wand of paralysis (54)
 S - a wand of iceblast (65)
 Z - a wand of polymorph (52)
Scrolls
 g - 4 scrolls of summoning
 h - 22 scrolls of teleportation
 j - 7 scrolls of fog
 m - 8 scrolls of vulnerability
 r - 7 scrolls of poison
 s - 12 scrolls of fear
 v - 9 scrolls of revelation
 L - 3 scrolls of silence
 X - 5 scrolls of blinking
Potions
 c - a potion of mutation
 d - 19 potions of curing
 e - 13 potions of lignification
 f - 9 potions of attraction
 n - 10 potions of cancellation
 p - 15 potions of might
 q - 4 potions of haste
 z - 11 potions of ambrosia
 A - 7 potions of heal wounds
 I - 2 potions of resistance
 N - 4 potions of berserk rage
 P - 12 potions of enlightenment
Miscellaneous
 t - a condenser vane
 x - a phantom mirror
 O - a phial of floods


   Skills:
 O Level 27 Fighting
 * Level 26.9 Axes
 - Level 10.0 Throwing
 + Level 17.3 Armour
 + Level 11.9 Dodging
 + Level 23.7 Shields
 O Level 27 Invocations
 + Level 15.8 Evocations


You had 26 spell levels left.
You didn't know any spells.
Your spell library contained the following spells:

 Spells                   Type           Power      Damage    Failure   Level
 Magic Dart               Conj           0%         1d3       92%         1
 Slow                     Hex            0%         N/A       92%         1
 Sting                    Tmut/Pois      0%         1d3       92%         1
 Summon Small Mammal      Summ           0%         N/A       92%         1
 Call Imp                 Summ           0%         N/A       98%         2
 Cigotuvi's Dreadful Rot  Necr/Pois/Air  0%         N/A       98%         2
 Ensorcelled Hibernation  Hex/Ice        0%         N/A       98%         2
 Jinxbite                 Hex            0%         N/A       98%         2
 Poisonous Vapours        Pois/Air       0%         N/A       98%         2
 Static Discharge         Conj/Air       0%         2-2/arc   98%         2
 Sublimation of Blood     Necr           0%         N/A       98%         2
 Call Canine Familiar     Summ           0%         N/A       99%         3
 Dazzling Flash           Conj/Hex       0%         N/A       99%         3
 Frozen Ramparts          Ice            0%         1d1       99%         3
 Gell's Gravitas          Tloc           0%         N/A       99%         3
 Ignite Poison            Fire/Tmut/Pois 0%         N/A       99%         3
 Inner Flame              Hex/Fire       0%         N/A       99%         3
 Mephitic Cloud           Conj/Pois/Air  0%         N/A       99%         3
 Summon Guardian Golem    Hex/Summ       0%         N/A       99%         3
 Swiftness                Air            0%         N/A       99%         3
 Teleport Other           Tloc           0%         N/A       99%         3
 Volatile Blastmotes      Fire/Tloc      0%         2d10      99%         3
 Airstrike                Air            0%         2d(0-16)  100%        4
 Anguish                  Hex/Necr       0%         N/A       100%        4
 Animate Armour           Summ/Erth      0%         N/A       100%        4
 Cause Fear               Hex            0%         N/A       100%        4
 Fulminant Prism          Conj/Hex       0%         3d5       100%        4
 Leda's Liquefaction      Hex/Erth       0%         N/A       100%        4
 Olgreb's Toxic Radiance  Pois           0%         N/A       100%        4
 Passage of Golubria      Tloc           0%         N/A       100%        4
 Petrify                  Tmut/Erth      0%         N/A       100%        4
 Summon Lightning Spire   Summ/Air       0%         N/A       100%        4
 Vhi's Electric Charge    Tloc/Air       0%         N/A       100%        4
 Agony                    Necr           0%         N/A       100%        5
 Borgnjor's Vile Clutch   Necr/Erth      0%         N/A       100%        5
 Fireball                 Conj/Fire      0%         3d3       100%        5
 Freezing Cloud           Conj/Ice/Air   0%         6-21      100%        5
 Irradiate                Conj/Tmut      0%         3d11      100%        5
 Iskenderun's Battlesphe  Conj           0%         2d6       100%        5
 Lee's Rapid Deconstruct  Erth           0%         3d4*      100%        5
 Metabolic Englaciation   Hex/Ice        0%         N/A       100%        5
 Silence                  Hex/Air        0%         N/A       100%        5
 Summon Forest            Summ/Tloc      0%         N/A       100%        5
 Yara's Violent Unravell  Hex/Tmut       0%         3d3       100%        5
 Bombard                  Conj/Erth      0%         9d1       100%        6
 Dispersal                Tloc           0%         N/A       100%        6
 Eringya's Noxious Bog    Tmut/Pois      0%         4d6       100%        6
 Starburst                Conj/Fire      0%         6d3       100%        6
 Enfeeble                 Hex            0%         N/A       100%        7
 Spellforged Servitor     Conj/Summ      0%         N/A       100%        7
 Summon Hydra             Summ           0%         N/A       100%        7
 Lehudib's Crystal Spear  Conj/Erth      0%         10d2      100%        8
 Maxwell's Capacitive Co  Air            0%         ∞         100%        8
 Chain Lightning          Conj/Air       0%         N/A       100%        9
 Dragon's Call            Summ           0%         N/A       100%        9


Dungeon Overview and Level Annotations

Branches:
Dungeon (15/15)            Temple (1/1) D:5            Lair (5/5) D:11
  Swamp (4/4) Lair:3       Spider (4/4) Lair:3        Slime (5/5) Lair:4
    Orc (2/2) D:9             Elf (3/3) Orc:2        Vaults (5/5) D:13
  Crypt (3/3) Vaults:2       Tomb (1/3) Crypt:3      Depths (4/4) D:15
   Hell (visited)             Dis (0/7) Hell            Geh (0/7) Hell
    Coc (0/7) Hell            Tar (0/7) Hell            Zot (0/5) Depths:4
 Bailey (visited)           IceCv (visited)         Desolation (visited)

Altars:
Ashenzari
Cheibriados
Dithmenos
Elyvilon
Fedhas
Gozag
Hepliaklqana
Kikubaaqudgha
Makhleb
Nemelex Xobeh
Okawaru
Qazlal
Ru
Sif Muna
Trog
Uskayaw
Vehumet
Wu Jian
Xom
Yredelemnul
Zin
The Shining One
Jiyva
Lugonu

Shops:
D:6 *   D:9 ?[*[(   D:13 :*=(*   D:15 *   Orc:2 !?([*   Vaults:1 [
Depths:1 !!=   Depths:3 =:=   Depths:4 (

Portals:
Hell: Depths:1 Depths:2 Depths:3 Depths:4
Abyss: D:14 Depths:1 Depths:3
Pandemonium: Depths:2
Ziggurat: Depths:4

Annotations:
D:4 1 runed translucent door, Bravepunisher's ghost, weakling SpMo
D:14 2 transporters, Cadaeck's ghost, journeyman GrFi
Pan Cerebov


Innate Abilities, Weirdness & Mutations

You have a pair of large horns on your head.
You reflexively headbutt those who attack you in melee.
You have sharp fingernails.
Your body sometimes deteriorates upon taking damage.
Your magical capacity is low. (-10% MP)
You occasionally lose the ability to read scrolls when taking damage.


Message History

You kill the sun demon!
The Shining One accepts your kill.
You feel better.
You are engulfed in blazing flames.
You resist.
* * * LOW HITPOINT WARNING * * *
You are covered in liquid flames!
The balrug gestures at you. Something smites you!
* * * LOW HITPOINT WARNING * * *
The Brimstone Fiend calls on the powers of darkness!
Your body is wracked with pain!
* * * LOW HITPOINT WARNING * * *
Activating: Cleansing Flame (0% risk of failure)
Press: ? - help, Dir - look around, f - activate The golden flame engulfs you but does no damage.
You resist.
The golden flame engulfs the balrug!!!
The balrug writhes in agony!
You kill the balrug!
The Shining One accepts your kill.
The golden flame engulfs Cerebov!!!
Cerebov writhes in agony!
Cerebov is lightly wounded.
You are covered in liquid flames!
* * * LOW HITPOINT WARNING * * *
You are no longer on fire.
You hear a screech!
You slice Cerebov!!
Cerebov convulses!
Cerebov is lightly wounded.
Cerebov hits you with the +6 sword of Cerebov {flame}.
* * * LOW HITPOINT WARNING * * *
The sword of Cerebov burns away your fire resistance.
The balrug gestures at you. Something smites you!
* * * LOW HITPOINT WARNING * * *
You hit Cerebov but do no damage.
Cerebov is lightly wounded.
You block Cerebov's attack.
You riposte.
You hit Cerebov but do no damage. Your headbutt misses Cerebov.
Cerebov is lightly wounded.
You hit Cerebov but do no damage.
Cerebov is lightly wounded.
Cerebov hits you with the +6 sword of Cerebov {flame}!!!
You die...

#....)....# #.........#
# #.........# #.
#.......... ..
#.......... #.
+.......... #.#..
#.......... #.....#####
#.......... #......@&2#
#......##3### #'#####
#...... #°1.# #......
#...#..##.#.######......
... ....................
.. .......1.............
. ........2.............
..........3)....)......
....v...)...)........


You could see Cerebov (fast), a Brimstone Fiend, a balrug and a sun demon.

Vanquished Creatures
  the Royal Jelly (Slime:5)
  A seraph (Pan)
  2 ancient liches
  4 pandemonium lords (Pan)
  4 royal mummies (Tomb:1)
  Vv (Depths:2)
  Margery (Vaults:4)
  Geryon (Hell)
  Nikola (Spider:1)
  Norris (Elf:3)
  Jory (Crypt:3)
  2 pearl dragons
  4 Tzitzimimeh (Pan)
  Arachne (Spider:3)
  2 hellephants (Vaults:1)
  Zenata (Vaults:2)
  4 Brimstone Fiends (Pan)
  Jorgrun (D:14)
  4 Hell Sentinels (Pan)
  2 walking crystal tomes (Depths:3)
  3 tentacled monstrosities (Vaults:4)
  A walking earthen tome (Depths:3)
  6 liches
  Asterion (Vaults:4)
  A walking divine tome (Depths:3)
  2 deep elf master archers (Elf:3)
  15 sphinxes
  Murray (Hell)
  6 Executioners
  A quicksilver dragon (Vaults:5)
  8 titans
  13 acid blobs
  2 tentacled starspawn (Abyss:3)
  11 ancient champions
  A thorn hunter (Swamp:4)
  A shadow dragon (Vaults:5)
  5 tengu reavers
  Donald (Vaults:1)
  5 demonspawn warmongers (Pan)
  2 storm dragons
  Roxanne (Swamp:1)
  7 revenants
  The ghost of SuperSeabass the Brawler, an adept DrSh of Hepliaklqana (Swamp:1)
  A draconian knight (Abyss:3)
  6 rockslimes
  26 daevas (Pan)
  A fenstrider witch (shapeshifter) (Vaults:5)
  10 azure jellies (Slime:5)
  4 emperor scorpions (Spider:4)
  8 ghost moths
  4 iron dragons
  11 vault wardens
  2 imperial myrmidons (Desolation)
  7 fire giants
  7 frost giants
  7 deep elf sorcerers
  A deep elf elementalist (Elf:3)
  Louise (Spider:1)
  2 juggernaut zombies
  17 balrugs
  3 curse skulls
  20 ironbound preservers
  18 very ugly things
  10 reapers
  8 cacodemons (Pan)
  3 broodmothers (Spider:4)
  25 ophanim (Pan)
  A draconian stormcaller (Depths:4)
  11 quicksilver oozes (Slime:5)
  10 ghouls
  30 stone giants
  4 demonspawn corrupters (Pan)
  2 orc warlords
  43 angels (Pan)
  A caustic shrike skeleton (Tomb:1)
  A juggernaut skeleton (Crypt:3)
  3 ironbound thunderhulks
  2 spriggan defenders (Depths:3)
  4 formless jellyfish
  5 war gargoyles
  53 apis (Pan)
  3 demonspawn blood saints (Pan)
  A demonspawn black sun (Pan)
  3 eleionomae
  2 black draconians (Depths:4)
  8 deep elf demonologists
  8 deep elf annihilators
  23 vampire knights
  A halazid warlock (Desolation)
  4 lorocyprocas
  12 dire elephants
  5 bunyips
  4 spark wasps
  A wendigo (Hell)
  6 blizzard demons
  3 green deaths (Pan)
  A yellow draconian (Depths:4)
  A white draconian (Depths:4)
  5 eidola
  6 ettins
  3 crystal guardians
  14 yaktaur captains
  8 fire dragons
  7 great orbs of eyes
  2 shambling mangroves (Swamp:4)
  7 deep elf death magi
  13 ragged hierophants (Desolation)
  6 mummy priests (Tomb:1)
  5 spriggan zombies
  10 jiangshi
  5 deep elf high priests
  13 entropy weavers
  33 vault guards
  2 fenstrider witch zombies (Crypt:3)
  8 ice dragons
  28 hydras
  11 servants of whispers (Desolation)
  Erolcha (D:11)
  A hell beast (Depths:1)
  3 alligators
  A catoblepas (D:14)
  2 rakshasas
  12 peacekeepers
  3 ironbound frosthearts
  3 spriggan air magi
  A radroach (Spider:3)
  9 boulder beetles
  7 centaur warriors
  7 dancing weapons
  2 death knights
  A two-headed ogre (shapeshifter) (Vaults:5)
  14 two-headed ogres
  2 ogre magi
  10 demonic crawlers
  3 deep troll earth magi
  9 deep troll shamans
  10 death scarabs (Tomb:1)
  2 orc high priests (Orc:2)
  2 tengu warriors
  A bennu skeleton (Crypt:2)
  18 death yaks
  13 vampire magi
  4 hell hogs (Hell)
  A thrashing horror (Abyss:3)
  6 holy swine (Pan)
  A spriggan berserker (Depths:3)
  5 spriggans
  A titan zombie (Vaults:5)
  Sonja (Lair:2)
  2 deep elf knights (Elf:3)
  18 soul eaters
  32 hell knights
  A bunyip zombie (Crypt:2)
  44 sun demons
  7 iron trolls
  48 skeletal warriors
  7 skysharks
  A fire crab (shapeshifter) (Elf:3)
  9 pharaoh ants
  4 wretched stars (Abyss:3)
  A storm dragon skeleton (Crypt:2)
  A shadow wraith (Crypt:3)
  22 cherubim (Pan)
  7 flayed ghosts
  3 sixfirhies (Pan)
  2 sun moths
  3 goliath frogs
  A goliath frog (shapeshifter) (Vaults:4)
  A quicksilver dragon simulacrum (Depths:1)
  20 large abominations
  13 orb spiders
  9 swamp dragons
  A spriggan druid (Swamp:3)
  A swamp dragon (shapeshifter) (Depths:2)
  2 glowing orange brains
  4 spriggan simulacra (IceCv)
  73 deep trolls
  7 shadow demons (Pan)
  An obsidian statue (IceCv)
  7 steelbarb worms
  5 deep elf archers
  15 wizards
  4 harpies
  14 necromancers
  9 bog bodies
  16 ironbound convokers
  Pikel (D:4)
  A harpy (shapeshifter) (Depths:3)
  11 deep elf zephyrmancers
  10 lindwurms
  16 starcursed masses
  25 phantasmal warriors
  An iron dragon zombie (Tomb:1)
  6 orc knights
  13 deep elf pyromancers
  A steelbarb worm (shapeshifter) (Depths:1)
  24 wolf spiders
  4 shining eyes (Slime:5)
  3 moths of wrath
  5 manticores
  5 orc sorcerers
  An oklob plant (Abyss:3)
  38 ugly things
  5 will-o-the-wisps
  A moth of wrath (shapeshifter) (Vaults:4)
  A manticore (shapeshifter) (Vaults:4)
  14 cyclopes
  13 elephants (Lair:5)
  14 vault sentinels
  An elephant (shapeshifter) (Vaults:4)
  2 water nymphs (shapeshifter)
  9 guardian serpents
  11 black mambas
  A centaur zombie (Crypt:1)
  A stone giant skeleton (Crypt:2)
  A worldbinder (Abyss:3)
  28 smoke demons
  An eye of devastation (Slime:5)
  10 torpor snails
  9 orange demons (Pan)
  9 rust devils
  5 molten gargoyles
  An eye of devastation (shapeshifter) (Vaults:4)
  A naga skeleton (Crypt:3)
  A storm dragon simulacrum (Crypt:3)
  A gargoyle (D:12)
  17 cane toads
  A dire elephant skeleton (Crypt:1)
  A rime drake (Lair:3)
  A yaktaur zombie (Vaults:5)
  An anaconda simulacrum (IceCv)
  5 kobold demonologists
  A steelbarb worm zombie (Crypt:3)
  2 unseen horrors
  A hellion (Pan)
  25 yaktaurs
  3 ice devils
  A bunyip simulacrum (Hell)
  A minotaur skeleton (Crypt:1)
  15 freezing wraiths
  2 efreet
  14 komodo dragons
  2 tengu conjurers
  4 ancient zymes
  2 human skeletons
  9 guardian mummies (Tomb:1)
  4 harpy zombies
  14 polar bears
  3 meliai
  A queen bee (Spider:4)
  6 trolls
  11 tyrant leeches
  4 hellwings
  A polar bear (shapeshifter) (Vaults:5)
  11 red devils
  20 hornets
  3 harpy skeletons
  An alligator simulacrum (IceCv)
  78 saltlings (Desolation)
  A hydra skeleton (Crypt:2)
  13 blink frogs
  7 dream sheep (Lair:5)
  23 tarantellas
  A dream sheep (shapeshifter) (Vaults:4)
  2 raiju (Abyss:3)
  65 slime creatures
  An iron dragon simulacrum (Vaults:5)
  A guardian serpent skeleton (Crypt:2)
  A satyr zombie (Crypt:1)
  An air elemental (Elf:3)
  40 jumping spiders
  25 culicivoras
  10 flying skulls
  A jumping spider (shapeshifter) (Vaults:4)
  2 dire elephant simulacra (IceCv)
  A shadow (Abyss:3)
  4 ushabtiu (Tomb:1)
  2 fire elementals
  13 wyverns
  8 water elementals (Depths:3)
  55 yaks
  18 wraiths
  A hog (shapeshifter) (Vaults:4)
  4 vampires
  17 ynoxinuls (Pan)
  A golden eye (Slime:5)
  3 basilisks
  4 chaos spawn
  2 minotaur simulacra (IceCv)
  17 humans (D:13)
  83 redbacks
  A redback simulacrum (D:14)
  8 vampire mosquitoes
  7 neqoxecs (Pan)
  2 glowing shapeshifter zombies
  14 swamp worms
  A deep troll zombie (Crypt:2)
  A human zombie (Vaults:5)
  6 wargs
  18 water moccasins
  A merfolk zombie (Crypt:3)
  3 acid dragons
  7 small abominations
  7 hell hounds
  A hydra simulacrum (IceCv)
  A fire bat skeleton (Crypt:2)
  3 floating eyes
  11 swamp drakes
  A black bear (shapeshifter) (Vaults:4)
  42 orc warriors
  A sky beast (D:8)
  15 black bears
  2 ice beasts
  23 ogres
  A centaur (D:10)
  15 wolves
  2 phantoms
  A hog skeleton (Crypt:1)
  2 lemures (D:4)
  5 kobold brigands
  A deep troll simulacrum (IceCv)
  11 bullfrogs
  3 necrophages
  A rime drake skeleton (Crypt:1)
  2 earth elementals
  2 scorpions
  A yaktaur skeleton (Crypt:3)
  6 wights
  A water moccasin skeleton (Crypt:3)
  A swamp dragon simulacrum (Crypt:1)
  31 killer bees
  A lindwurm simulacrum (IceCv)
  A wolf zombie (Crypt:2)
  8 howler monkeys
  3 electric eels
  2 crimson imps (Pan)
  2 wolf skeletons
  A quasit (Abyss:3)
  5 hounds
  16 jellies
  30 orc priests
  A gnoll bouda (D:9)
  3 sleepcaps (D:6)
  A basilisk skeleton (Crypt:3)
  6 iguanas
  28 orc wizards
  A hell rat (Hell)
  28 mummies (Tomb:1)
  A howler monkey zombie (Crypt:1)
  Robin (D:3)
  10 gnolls
  13 adders
  3 white imps
  A lava snake zombie (Crypt:2)
  3 worms
  3 dart slugs
  118 orcs
  8 ball pythons
  7 bats
  6 endoplasms
  2 giant cockroaches
  20 goblins
  12 hobgoblins
  12 jackals
  25 kobolds
  3 quokkas
  A ball python zombie (Crypt:2)
  8 frilled lizards
  A gnoll skeleton (Crypt:3)
  A hobgoblin skeleton (Crypt:1)
  9 rats
3013 creatures vanquished.

Vanquished Creatures (collateral kills)
  Rupert (Orc:2)
  A titan (Depths:1)
  A stone giant (Tomb:1)
  A hell knight (Vaults:4)
  An iron troll (Tomb:1)
  A skeletal warrior (Tomb:1)
  A wizard (Vaults:4)
  A necromancer (Vaults:4)
  An orc sorcerer (Orc:2)
  A cyclops (Tomb:1)
  An ice devil (IceCv)
  An ushabti (Tomb:1)
  A minotaur simulacrum (IceCv)
  An orc warrior (Orc:2)
  An ogre (Tomb:1)
  A deep troll simulacrum (IceCv)
  A spectral weapon (Vaults:4)
17 creatures vanquished.

Vanquished Creatures (others)
  A very ugly thing (Depths:3)
  A demonspawn blood saint (Pan)
  A blizzard demon (Hell)
  A rakshasa (Depths:3)
  A radroach (Spider:2)
  2 deep elf pyromancers
  A steelbarb worm (Spider:3)
  A wolf spider (Spider:1)
  A rime drake (Depths:3)
  A hornet (Swamp:4)
  A dire elephant simulacrum (Hell)
  An alligator snapping turtle simulacrum (Hell)
  An ogre (Vaults:5)
  An orc wizard (D:5)
  10 foxfires (Swamp:4)
  4 starspawn tentacles (Abyss:3)
29 creatures vanquished.

Grand Total: 3059 creatures vanquished

Notes
Turn   | Place    | Note
-------+----------+-------------------------------------------
     0 | D:1      | Joey1 the Minotaur Berserker began the quest for the Orb.
     0 | D:1      | Reached XP level 1. HP: 19/19 MP: 0/0
   163 | D:1      | Reached XP level 2. HP: 27/27 MP: 1/1
   412 | D:2      | HP: 1/27 [orc/+2 hand axe of distortion (10)]
   414 | D:2      | Reached XP level 3. HP: 2/33 MP: 2/2
   764 | D:2      | Reached ** piety under Trog
  1110 | D:2      | Identified the +0 kite shield "Buzalei" {Str+5}
  1465 | D:2      | Found a faded altar of an unknown god.
  1550 | D:3      | Reached XP level 4. HP: 40/40 MP: 3/3
  1772 | D:3      | Noticed Robin
  1784 | D:3      | Reached skill level 5 in Axes
  1784 | D:3      | Killed Robin
  1889 | D:3      | Reached *** piety under Trog
  1890 | D:3      | Reached XP level 5. HP: 47/47 MP: 4/4
  2690 | D:4      | Found a runed translucent door.
  2692 | D:4      | Noticed a lemure
  2692 | D:4      | Noticed a lemure
  2692 | D:4      | Noticed a lemure
  2694 | D:4      | Noticed Pikel
  2696 | D:4      | Noticed a lemure
  2702 | D:4      | Killed a lemure
  2703 | D:4      | Killed a lemure
  2704 | D:4      | Killed Pikel
  2705 | D:4      | Reached skill level 5 in Fighting
  2705 | D:4      | Reached skill level 5 in Armour
  2705 | D:4      | Reached XP level 6. HP: 56/56 MP: 5/5
  2705 | D:4      | Reached XP level 7. HP: 61/61 MP: 6/6
  2767 | D:4      | Noticed Bravepunisher's ghost (weakling SpMo)
  2873 | D:4      | Reached **** piety under Trog
  3598 | D:5      | Entered Level 5 of the Dungeon
  3607 | D:5      | Reached skill level 10 in Axes
  3607 | D:5      | Reached XP level 8. HP: 26/68 MP: 7/7
  3875 | D:5      | Found an ornate altar of the Wu Jian Council.
  4077 | D:5      | Reached ***** piety under Trog
  4397 | D:5      | Found a staircase to the Ecumenical Temple.
  4539 | Temple   | Entered the Ecumenical Temple
  5208 | D:6      | Found Bopnesor's Gadget Gallery.
  5313 | D:6      | Received a gift from Trog
  5453 | D:6      | Reached XP level 9. HP: 73/74 MP: 8/8
  5938 | D:6      | HP: 4/111 [killer bee (6)]
  5943 | D:6      | HP: 2/74 [poisoned by a killer bee]
  6952 | D:7      | Found an ancient bone altar of Kikubaaqudgha.
  7316 | D:7      | Found a glowing golden altar of the Shining One.
  7354 | D:7      | Reached skill level 1 in Shields
  7863 | D:8      | Found an iron altar of Okawaru.
  8202 | D:9      | Found Zyach's Magic Scroll Shoppe.
  8202 | D:9      | Found Vucutamp's Armour Shoppe.
  8202 | D:9      | Found Ceuw's Assorted Antiques.
  8204 | D:9      | Bought a scroll of revelation for 82 gold pieces
  8366 | D:9      | Received a gift from Trog
  8409 | D:9      | Reached XP level 10. HP: 14/83 MP: 9/9
  8592 | D:9      | Reached skill level 15 in Axes
  8655 | D:9      | Reached skill level 5 in Shields
  8714 | D:9      | Found a flagged portal.
  8724 | Bailey   | Entered a bailey
  8817 | Bailey   | Identified the +10 flail of Twilight {heavy, Fly Will+
                  | Int+2}
  9626 | D:9      | Found Ugalits's Armour Shop.
  9817 | D:9      | Found a staircase to the Orcish Mines.
  9820 | D:9      | Found Iggocwua's Weapon Shop.
 10077 | D:9      | Paralysed by a hornet for 1 turns
 10270 | D:9      | Bought a +0 cloak of willpower for 161 gold pieces
 10279 | D:9      | Bought a +1 heavy broad axe for 213 gold pieces
 10342 | D:10     | Entered Level 10 of the Dungeon
 11150 | D:11     | Noticed a cyclops
 11163 | D:11     | Killed a cyclops
 11216 | D:11     | Reached XP level 11. HP: 97/97 MP: 10/10
 11262 | D:11     | Noticed a two-headed ogre
 11270 | D:11     | Killed a two-headed ogre
 11411 | D:11     | Identified the +3 leather armour of Oroaj {Contam rElec
                  | Dex+3 SInv}
 11510 | D:11     | Received a gift from Trog
 11708 | D:11     | Noticed a two-headed ogre
 11720 | D:11     | Killed a two-headed ogre
 11751 | D:11     | Found a staircase to the Lair.
 11809 | D:11     | Reached skill level 10 in Fighting
 12259 | D:11     | Noticed a red ugly thing
 12271 | D:11     | Killed a red ugly thing
 12463 | D:11     | Noticed Erolcha
 12479 | D:11     | Killed Erolcha
 12760 | Lair:1   | Entered Level 1 of the Lair of Beasts
 12784 | Lair:1   | Reached skill level 10 in Shields
 12825 | Lair:1   | Noticed a death yak
 12830 | Lair:1   | Noticed a death yak
 12831 | Lair:1   | Noticed a death yak
 12836 | Lair:1   | Killed a death yak
 12992 | Lair:1   | Killed a death yak
 13033 | Lair:1   | Killed a death yak
 13227 | Lair:1   | Noticed a death yak
 13229 | Lair:1   | Noticed a death yak
 13236 | Lair:1   | Killed a death yak
 13237 | Lair:1   | Reached XP level 12. HP: 106/106 MP: 11/11
 13237 | Lair:1   | Noticed a death yak
 13238 | Lair:1   | Noticed a death yak
 13241 | Lair:1   | Killed a death yak
 13241 | Lair:1   | Noticed a death yak
 13245 | Lair:1   | Killed a death yak
 13251 | Lair:1   | Killed a death yak
 13253 | Lair:1   | Killed a death yak
 13662 | Lair:1   | Identified the ring "Keogif" {Wiz Fly rF+ rN+ rCorr}
 14613 | Lair:2   | Reached skill level 15 in Shields
 14687 | Lair:2   | Noticed Sonja
 14712 | Lair:2   | Killed Sonja
 14756 | Lair:2   | Received a gift from Trog
 15277 | Lair:3   | Found a hole to the Spider Nest.
 15449 | Lair:3   | Reached XP level 13. HP: 117/117 MP: 12/12
 15688 | Lair:3   | Found a staircase to the Swamp.
 16633 | Lair:4   | Found a staircase to the Slime Pits.
 16633 | Lair:4   | Found a viscous altar of Jiyva.
 16946 | Lair:4   | Found an ornate altar of the Wu Jian Council.
 16977 | Lair:4   | Reached ****** piety under Trog
 17166 | Lair:4   | Received a gift from Trog
 17170 | Lair:4   | Reached skill level 15 in Fighting
 17178 | Lair:4   | Reached skill level 1 in Evocations
 17871 | Lair:5   | Entered Level 5 of the Lair of Beasts
 18099 | Lair:5   | Reached skill level 5 in Evocations
 18516 | Lair:5   | Identified the +8 sling of Chance {drain, Str+2}
 18673 | Lair:5   | Reached XP level 14. HP: 104/135 MP: 13/13
 18709 | Lair:5   | Received a gift from Trog
 19961 | Lair:5   | Reached skill level 10 in Evocations
 20307 | Lair:5   | Found a runed translucent door.
 20353 | Lair:5   | Received a gift from Trog
 20667 | Lair:5   | Reached skill level 5 in Dodging
 21164 | Orc:1    | Entered Level 1 of the Orcish Mines
 21212 | Orc:2    | Entered Level 2 of the Orcish Mines
 21212 | Orc:2    | Found Daicowan's Magic Scroll Shoppe.
 21227 | Orc:2    | Bought a scroll of fog for 68 gold pieces
 21227 | Orc:2    | Bought a scroll of fear for 68 gold pieces
 21427 | Orc:2    | Found a staircase to the Elven Halls.
 21469 | Orc:2    | Received a gift from Trog
 21645 | Orc:2    | Noticed Rupert
 21645 | Orc:2    | Paralysed by Rupert for 2 turns
 21650 | Orc:2    | Killed Rupert
 21651 | Orc:2    | Reached XP level 15. HP: 131/141 MP: 14/14
 21720 | Orc:2    | Found Jyze's Distillery.
 22138 | Orc:2    | Found Qutemyt's General Store.
 22387 | Orc:2    | Received a gift from Trog
 22486 | Orc:2    | Found Banagergh's Antique Weapon Shop.
 22487 | Orc:2    | Found Pideddam's Antique Armour Boutique.
 22500 | Orc:2    | Bought a glowing broad axe for 224 gold pieces
 23516 | D:12     | Received a gift from Trog
 23517 | D:12     | Reached skill level 10 in Armour
 24193 | D:13     | Found Amolila's Assorted Antiques.
 24202 | D:13     | Bought a scroll labelled WADGHE TIJIMP for 32 gold pieces
 24569 | D:13     | Found a gate to the Vaults.
 24678 | D:13     | Found Ediler Luor's Jewellery Boutique.
 24720 | D:13     | Found Huvaulug's Assorted Antiques.
 24728 | D:13     | Bought a scroll labelled BIUHUW XUSHRI for 29 gold pieces
 24766 | D:13     | Found Kiclop's Weapon Emporium.
 25001 | D:13     | Found Omedonic's Book Shop.
 25262 | D:14     | Found a frozen archway.
 25270 | IceCv    | Entered an ice cave
 25532 | IceCv    | Received a gift from Trog
 26682 | D:14     | Found a transporter.
 26699 | D:14     | Noticed a tentacled starspawn
 26824 | D:14     | Found a transporter.
 26850 | D:14     | Noticed Jorgrun
 26860 | D:14     | Killed Jorgrun
 26868 | D:14     | Found a one-way gate to the infinite horrors of the Abyss.
 26948 | D:14     | Reached XP level 16. HP: 133/159 MP: 15/15
 27210 | D:14     | Noticed Cadaeck's ghost (journeyman GrFi)
 27231 | D:15     | Entered Level 15 of the Dungeon
 27381 | D:15     | Found a staircase to the Depths.
 27653 | D:15     | Found Ysor's Assorted Antiques.
 27813 | D:15     | Found an ornate altar of the Wu Jian Council.
 28213 | Swamp:1  | Entered Level 1 of the Swamp
 28314 | Swamp:1  | Noticed Roxanne
 28782 | Swamp:1  | Received a gift from Trog
 28815 | Swamp:1  | Found a runed translucent door.
 28815 | Swamp:1  | Found a shimmering altar of Xom.
 28815 | Swamp:1  | Noticed SuperSeabass's ghost (adept DrSh)
 29939 | Swamp:3  | Identified the +9 dagger of Optimality {freeze, Dex+3}
 30297 | Swamp:4  | Entered Level 4 of the Swamp
 30883 | Swamp:4  | Received a gift from Trog
 31477 | Swamp:4  | Noticed a thorn hunter
 31492 | Swamp:4  | Killed a thorn hunter
 31797 | Swamp:4  | Got a decaying rune of Zot
 32623 | Spider:1 | Entered Level 1 of the Spider Nest
 32634 | Spider:1 | Reached XP level 17. HP: 168/168 MP: 16/16
 33364 | Spider:1 | Received a gift from Trog
 34028 | Spider:1 | Noticed Louise
 34047 | Spider:1 | Killed Louise
 34386 | Spider:2 | Noticed Nikola
 34765 | Vaults:1 | Entered Level 1 of the Vaults
 35369 | Vaults:1 | Found Ceaclyeci's Armour Shop.
 35374 | Vaults:1 | Received a gift from Trog
 35723 | Vaults:1 | Noticed Donald
 35729 | Vaults:1 | Killed Donald
 36233 | Vaults:1 | Identified the +10 hand axe of Webby {heavy, rC+ Str+7}
                  | (Trog gifted it to you on level 1 of the Vaults)
 36233 | Vaults:1 | Received a gift from Trog
 36518 | Vaults:1 | Found a huge runed gate.
 36518 | Vaults:1 | Found a huge runed gate.
 36603 | Vaults:1 | Found a huge runed gate.
 36603 | Vaults:1 | Found a huge runed gate.
 36603 | Vaults:1 | Found a huge runed gate.
 36604 | Vaults:1 | Found a huge runed gate.
 36604 | Vaults:1 | Found a huge runed gate.
 36604 | Vaults:1 | Found a huge runed gate.
 36604 | Vaults:1 | Found a huge runed gate.
 36607 | Vaults:1 | Found a huge runed gate.
 36607 | Vaults:1 | Found a huge runed gate.
 36607 | Vaults:1 | Found a huge runed gate.
 36607 | Vaults:1 | Found a huge runed gate.
 36607 | Vaults:1 | Found a huge runed gate.
 36607 | Vaults:1 | Found a huge runed gate.
 36608 | Vaults:1 | Found a huge runed gate.
 36609 | Vaults:1 | Found a huge runed gate.
 36610 | Vaults:1 | Found a huge runed gate.
 36620 | Vaults:1 | Found a huge runed gate.
 36620 | Vaults:1 | Found a huge runed gate.
 36620 | Vaults:1 | Found a huge runed gate.
 36620 | Vaults:1 | Found a huge runed gate.
 36620 | Vaults:1 | Found a huge runed gate.
 36620 | Vaults:1 | Found a huge runed gate.
 36621 | Vaults:1 | Found a huge runed gate.
 36622 | Vaults:1 | Found a huge runed gate.
 36623 | Vaults:1 | Found a huge runed gate.
 36631 | Vaults:1 | Found a huge runed gate.
 36631 | Vaults:1 | Found a huge runed gate.
 36631 | Vaults:1 | Found a huge runed gate.
 36631 | Vaults:1 | Found a huge runed gate.
 36631 | Vaults:1 | Found a huge runed gate.
 36631 | Vaults:1 | Found a huge runed gate.
 36632 | Vaults:1 | Found a huge runed gate.
 36633 | Vaults:1 | Found a huge runed gate.
 36634 | Vaults:1 | Found a huge runed gate.
 36762 | Vaults:2 | Reached XP level 18. HP: 137/178 MP: 17/17
 37068 | Vaults:2 | Found the +13 scythe of Curses {drain, curses, Drain}
 37352 | Vaults:2 | Noticed Zenata
 37645 | Vaults:2 | Found a staircase to the Crypt.
 38224 | Spider:1 | Killed Nikola
 38485 | Spider:2 | Gained mutation: Your spells are a little easier to cast,
                  | but a little less powerful. [mutagenic glow]
 38963 | Spider:2 | Received a gift from Trog
 40424 | Spider:3 | Identified a scroll of acquirement
 40431 | Spider:3 | Received a gift from Trog
 40611 | Spider:3 | Acquired the ring "Fesateo" {Fire rElec Int+5 Dex-4 Stlth+}
 41496 | Spider:4 | Entered Level 4 of the Spider Nest
 41571 | Spider:3 | Reached skill level 15 in Evocations
 41758 | Spider:4 | Reached skill level 1 in Invocations
 43017 | Vaults:3 | Reached XP level 19. HP: 166/185 MP: 21/21
 43093 | Vaults:3 | Received a gift from Trog
 43143 | Vaults:3 | Reached skill level 5 in Invocations
 43509 | Vaults:3 | Identified the +5 dagger "Dalodduu" {drain, rN++}
 43587 | Vaults:3 | Identified the staff "Numi" {Drain rPois rN+ rCorr Str-2
                  | Necro}
 43588 | Vaults:3 | Identified the +7 hand axe of Dust {venom, rC+++ rN++
                  | Str-4}
 43597 | Vaults:3 | Identified the staff "Wyoth" {rF+ Int+3 Conj Fire}
 43984 | Vaults:3 | Identified the +4 scimitar of Xor Nutz {holy, rC+ Will-
                  | Int+8 Stlth+}
 44728 | Vaults:4 | Noticed Asterion
 44763 | Vaults:4 | Killed Asterion
 44976 | Vaults:4 | Found a crumbling gateway.
 45074 | Desolati | Entered the Desolation of Salt
 45081 | Desolati | Received a gift from Trog
 45344 | Desolati | Identified the staff "Dirookad" {rElec rC+ rCorr Air
                  | Poison}
 45955 | Desolati | Received a gift from Trog
 46127 | Desolati | Identified the +1 scale mail of the Camelopard {+Blink
                  | Will+++ rCorr Int-2}
 46725 | Desolati | Received a gift from Trog
 46726 | Desolati | Reached skill level 10 in Invocations
 46912 | Desolati | Reached XP level 20. HP: 134/193 MP: 26/26
 47100 | Desolati | Identified the amulet of Summertime {Reflect Rampage Fly
                  | Str+2 SH+5}
 47103 | Desolati | Identified the ring "Ixeopn" {Wiz rElec rC- rN+ Slay+6}
 47112 | Desolati | Identified the +5 scale mail "Dutorod" {Dex+2 Stlth+}
 47117 | Desolati | Identified the +2 dagger of Ruination {freeze, rC- Dex+4}
 47263 | Desolati | Identified the ring of Coaqupee {Wiz rN+ Int+2}
 47988 | Vaults:4 | Received a gift from Trog
 48249 | Vaults:4 | Noticed Margery
 49776 | Spider:4 | Noticed Arachne
 49808 | Spider:3 | HP: 8/193 [poisoned by Arachne (poison arrow)]
 50164 | Spider:3 | Killed Arachne
 50609 | Spider:4 | Received a gift from Trog
 51226 | Spider:4 | Got a gossamer rune of Zot
 51894 | Depths:1 | Entered Level 1 of the Depths
 52611 | Depths:1 | Found a hazy altar of Hepliaklqana.
 52659 | Depths:1 | Found Naczuril's Distillery.
 52661 | Depths:1 | Found Jylealoa's Distillery.
 52664 | Depths:1 | Found Geso's Jewellery Shoppe.
 52760 | Depths:1 | Received a gift from Trog
 52876 | Depths:1 | HP: 3/193 [spriggan air mage/bolt of lightning (20)]
 53179 | Depths:1 | Bought a potion of heal wounds for 65 gold pieces
 53181 | Depths:1 | Bought a potion of heal wounds for 90 gold pieces
 53183 | Depths:1 | Bought the ring of the Scavenger {Drain rElec rC+ Will+
                  | Dex+2} for 864 gold pieces
 53254 | Depths:1 | Found a gateway to Hell.
 53482 | Depths:1 | Reached skill level 15 in Invocations
 53844 | Depths:1 | You are sucked into a shaft and drop 1 floor!
 54153 | Depths:2 | Found a one-way gate leading to the halls of Pandemonium.
 54226 | Depths:2 | Reached XP level 21. HP: 194/201 MP: 31/31
 54413 | Orc:2    | Bought a scroll of enchant armour for 127 gold pieces
 54413 | Orc:2    | Bought a scroll of teleportation for 51 gold pieces
 55682 | Vaults:4 | Killed Margery
 55683 | Vaults:4 | Reached skill level 1 in Throwing
 56047 | Crypt:1  | Entered Level 1 of the Crypt
 56251 | Vaults:2 | Reached skill level 5 in Throwing
 56371 | Vaults:2 | Identified the +1 trident of Ancient Evil {holy, Dex+4}
 56481 | Vaults:2 | Received a gift from Trog
 57117 | Vaults:2 | Found a staircase to the Crypt.
 57637 | D:6      | Bought a phantom mirror for 600 gold pieces
 57637 | D:6      | Bought a condenser vane for 600 gold pieces
 57637 | D:6      | Bought a phial of floods for 600 gold pieces
 57995 | Vaults:2 | Killed Zenata
 58111 | Vaults:5 | Entered Level 5 of the Vaults
 59372 | Vaults:4 | Reached skill level 10 in Throwing
 59372 | Vaults:4 | Reached skill level 15 in Armour
 59706 | Vaults:4 | Reached skill level 10 in Dodging
 61047 | Vaults:5 | Noticed an ancient lich
 61054 | Vaults:4 | Reached XP level 22. HP: 191/211 MP: 32/32
 61491 | Vaults:5 | Got a silver rune of Zot
 62154 | Vaults:5 | Identified the +11 spear "Hautow" {heavy, Str+2 Int+3}
 62157 | Vaults:5 | Received a gift from Trog
 62466 | Vaults:4 | Killed an ancient lich
 63598 | Depths:2 | Found an iron altar of Okawaru.
 64544 | Depths:3 | Found a snail-covered altar of Cheibriados.
 64551 | Depths:3 | Identified the +4 war axe of Trog's Indignation {flame,
                  | rPois Dex+2} (Trog gifted it to you on level 3 of the
                  | Depths)
 64551 | Depths:3 | Received a gift from Trog
 64678 | Depths:3 | Noticed Vv
 65085 | Depths:3 | HP: 1/220 [Vv (39)]
 65545 | Depths:2 | Killed Vv
 66688 | Depths:3 | Received a gift from Trog
 67151 | Depths:3 | Found Gibbyfikh's Jewellery Emporium.
 67151 | Depths:3 | Found Bium's Book Shop.
 67152 | Depths:3 | Found Calumus's Jewellery Emporium.
 67296 | Depths:3 | Found a corrupted altar of Lugonu.
 67336 | Depths:3 | Reached XP level 23. HP: 223/226 MP: 34/34
 67407 | Depths:3 | Found the macabre finger necklace {Finger+ rN+}
 67566 | Depths:4 | Entered Level 4 of the Depths
 67581 | Depths:4 | Found a one-way gateway to a ziggurat.
 68172 | Depths:4 | Found a gate to the Realm of Zot.
 68586 | Depths:4 | Found Kedghico's Antique Weapon Boutique.
 69160 | D:7      | Fell from the grace of Trog
 69160 | D:7      | Became a worshipper of the Shining One
 69456 | Crypt:1  | Reached * piety under the Shining One
 69926 | Crypt:1  | Reached ** piety under the Shining One
 70133 | Crypt:1  | Reached *** piety under the Shining One
 70360 | Crypt:1  | Reached **** piety under the Shining One
 70362 | Crypt:1  | Paralysed by a floating eye for 2 turns
 70368 | Crypt:1  | Paralysed by a floating eye for 2 turns
 70377 | Crypt:1  | Found an ancient bone altar of Kikubaaqudgha.
 70886 | Crypt:2  | Reached ***** piety under the Shining One
 71923 | Crypt:3  | Entered Level 3 of the Crypt
 71946 | Crypt:3  | Reached ****** piety under the Shining One
 71959 | Crypt:3  | Identified a +9 broad axe of holy wrath (a +7 broad axe of
                  | freezing blessed by the Shining One)
 71959 | Crypt:3  | Received a gift from the Shining One
 72196 | Crypt:3  | Found a staircase to the Tomb.
 72289 | Crypt:3  | Reached XP level 24. HP: 238/238 MP: 36/36
 72324 | Crypt:3  | Found a basalt altar of Yredelemnul.
 72425 | Crypt:3  | Identified the ring "Nyluav" {rElec rN+ Str+6 Stlth-}
 72425 | Crypt:3  | Identified the ring of Guxtak {rN+ rCorr Dex-4 Slay+4
                  | Stlth+}
 72425 | Crypt:3  | Identified the ring of the Real Monster {rF+ rN+ Slay+2}
 72800 | Crypt:3  | Noticed Jory
 72821 | Crypt:3  | Killed Jory
 72822 | Crypt:3  | Found the +0 pair of fencer's gloves {Riposte Dex+3}
 72965 | Crypt:3  | Paralysed by Trog for 2 turns
 73167 | Crypt:3  | Paralysed by Trog for 3 turns
 73190 | Crypt:3  | Identified the staff "Garchoes" {rF+ Earth}
 73592 | Crypt:3  | Paralysed by Trog for 3 turns
 73622 | Tomb:1   | Entered Level 1 of the Tomb of the Ancients
 74197 | Tomb:1   | Noticed a royal mummy
 74197 | Tomb:1   | Noticed a royal mummy
 74207 | Tomb:1   | Killed a royal mummy
 74496 | Tomb:1   | Killed a royal mummy
 74795 | Tomb:1   | Identified the +3 tower shield "Iwnoafiu" {rF+ Str+2}
 75180 | Tomb:1   | Noticed a royal mummy
 75186 | Tomb:1   | Noticed a royal mummy
 75193 | Tomb:1   | Killed a royal mummy
 75198 | Tomb:1   | Killed a royal mummy
 76583 | Hell     | Entered the Vestibule of Hell
 76583 | Hell     | Noticed Geryon
 76607 | Hell     | Killed Geryon
 76608 | Hell     | Noticed Murray
 76619 | Hell     | Killed Murray
 76848 | Hell     | Found a gateway to the Iron City of Dis.
 76983 | Hell     | Found a gateway to the freezing wastes of Cocytus.
 77085 | Hell     | Found a gateway to the ashen valley of Gehenna.
 77172 | Hell     | Found a gateway to the decaying netherworld of Tartarus.
 77450 | Elf:1    | Entered Level 1 of the Elven Halls
 77673 | Elf:3    | Entered Level 3 of the Elven Halls
 77742 | Elf:3    | Paralysed by an air elemental for 1 turns
 77812 | Elf:3    | Noticed Norris
 77825 | Elf:3    | Killed Norris
 77826 | Elf:3    | Reached XP level 25. HP: 249/249 MP: 37/38
 78134 | Elf:3    | Got a murmuring book
 78624 | Elf:3    | Identified the +2 robe "Nalaf" {Fly Int+3 SInv}
 78625 | Elf:3    | Identified the +6 hand axe of Seeximpe {drain, rC+ Dex+3}
 78791 | Elf:3    | Identified the +5 falchion of the Gazing Pariah {freeze,
                  | Dex+4 SInv}
 78820 | Elf:3    | Identified the +0 falchion of Malaise {drain, rElec rC+
                  | Str-3}
 79270 | Slime:1  | Entered Level 1 of the Pits of Slime
 79304 | Slime:1  | Paralysed by a formless jellyfish for 1 turns
 79524 | Slime:5  | Entered Level 5 of the Pits of Slime
 79609 | Slime:5  | Found a viscous altar of Jiyva.
 79610 | Slime:5  | Noticed the Royal Jelly
 79688 | Slime:5  | Killed the Royal Jelly
 79714 | Slime:5  | Gained mutation: Your body sometimes deteriorates upon
                  | taking damage. [a shining eye]
 79806 | Slime:5  | Paralysed by Trog for 7 turns
 79957 | Slime:5  | Lost mutation: Your body sometimes deteriorates upon taking
                  | damage. [potion of mutation]
 79957 | Slime:5  | Lost mutation: Your spells are a little easier to cast, but
                  | a little less powerful. [potion of mutation]
 79957 | Slime:5  | Gained mutation: You are dopey. (Int -2) [potion of
                  | mutation]
 79957 | Slime:5  | Gained mutation: You possess an exceptional clarity of
                  | mind. [potion of mutation]
 79984 | Slime:5  | Identified the +7 war axe "Ryiseod" {freeze, rElec rF+
                  | Int+4}
 80066 | Slime:5  | Got a parchment book
 80068 | Slime:5  | Got a mumbling book
 80075 | Slime:5  | Got a strange book
 80097 | Slime:5  | Got a slimy rune of Zot
 80667 | Slime:5  | Was forgiven by Trog
 80895 | Slime:5  | Gained mutation: Armour fits poorly on your strangely
                  | shaped body. [a shining eye]
 80908 | Slime:5  | Paralysed by a floating eye for 2 turns
 81088 | Swamp:1  | Killed SuperSeabass's ghost
 81090 | Swamp:1  | Identified the +1 cloak of Elitism {rN+ Dex-4 SInv Stlth+}
 81103 | Swamp:1  | Lost mutation: Armour fits poorly on your strangely shaped
                  | body. [potion of mutation]
 81103 | Swamp:1  | Lost mutation: You possess an exceptional clarity of mind.
                  | [potion of mutation]
 81103 | Swamp:1  | Lost mutation: You are dopey. (Int -2) [potion of mutation]
 81103 | Swamp:1  | Gained mutation: Your flesh is cold resistant. (rC+)
                  | [potion of mutation]
 81103 | Swamp:1  | Gained mutation: You are dopey. (Int -2) [potion of
                  | mutation]
 81103 | Swamp:1  | Gained mutation: You sometimes lose your temper in combat.
                  | [potion of mutation]
 81104 | Swamp:1  | Lost mutation: You are dopey. (Int -2) [potion of mutation]
 81104 | Swamp:1  | Lost mutation: Your flesh is cold resistant. (rC+) [potion
                  | of mutation]
 81104 | Swamp:1  | Gained mutation: Your flesh is cold resistant. (rC+)
                  | [potion of mutation]
 81104 | Swamp:1  | Gained mutation: You have a pair of large horns on your
                  | head. [potion of mutation]
 81105 | Swamp:1  | Lost mutation: Your flesh is cold resistant. (rC+) [potion
                  | of mutation]
 81105 | Swamp:1  | Lost mutation: You sometimes lose your temper in combat.
                  | [potion of mutation]
 81105 | Swamp:1  | Gained mutation: You are clumsy. (Dex -2) [potion of
                  | mutation]
 81105 | Swamp:1  | Gained mutation: You have large cloven feet. [potion of
                  | mutation]
 81177 | Swamp:1  | Killed Roxanne
 81846 | Depths:1 | Voluntarily entered the Abyss.
 81849 | Abyss:1  | Found a corrupted altar of Lugonu.
 81946 | Abyss:1  | Found a corrupted altar of Lugonu.
 82382 | Abyss:3  | Found a corrupted altar of Lugonu.
 82384 | Abyss:3  | Noticed an ancient lich
 82392 | Abyss:3  | Killed an ancient lich
 82430 | Abyss:3  | Found a corrupted altar of Lugonu.
 82530 | Abyss:3  | Paralysed by accursed screaming for 1 turns
 82535 | Abyss:3  | Paralysed by accursed screaming for 1 turns
 82547 | Abyss:3  | Found a corrupted altar of Lugonu.
 82547 | Abyss:3  | Found a corrupted altar of Lugonu.
 82553 | Abyss:3  | Found a corrupted altar of Lugonu.
 82562 | Abyss:3  | Got an abyssal rune of Zot
 82570 | Depths:1 | Escaped the Abyss
 82850 | Pan      | Entered Pandemonium
 82930 | Pan      | Noticed Qyuraept the pandemonium lord
 82940 | Pan      | Killed Qyuraept the pandemonium lord
 83028 | Pan      | Identified the staff of Blood {Fragile rF+ Dex+5 Conj}
 83335 | Pan      | Reached XP level 26. HP: 258/258 MP: 39/39
 83644 | Pan      | Found a white marble altar of Elyvilon.
 83656 | Pan      | Reached skill level 27 in Invocations
 84802 | Pan      | Identified the +0 leather armour of Mumblety Peg {Harm
                  | Dex+4}
 85528 | Pan      | Identified the +4 tower shield "Vibisuku" {rElec Regen+
                  | Int+3 Dex+3}
 86018 | Pan      | Found a glowing silver altar of Zin.
 86583 | Pan      | Noticed a seraph
 86600 | Pan      | Killed a seraph
 87657 | Pan      | Identified the amulet of Maoklise {rPois Regen+ Dex+3}
 87659 | Pan      | Identified the +8 quarterstaff "Vofieraj" {venom, rN+ Str+3
                  | Int+3}
 87659 | Pan      | Identified the amulet of Duov {rN+ Will- Regen+ Dex+5
                  | Stlth+}
 87687 | Pan      | Found a glowing golden altar of the Shining One.
 87794 | Pan      | Got a demonic rune of Zot
 87798 | Pan      | Identified the +3 mace of the Orcish Mines {flame, rElec
                  | rN++ Dex-4 SInv}
 87804 | Pan      | Identified the +7 flail of Moifrul {freeze, rPois rF- rN+
                  | Dex+2}
 87857 | Pan      | Reached skill level 27 in Fighting
 88495 | Pan      | Found a white marble altar of Elyvilon.
 88579 | Pan      | Reached XP level 27. HP: 256/273 MP: 39/39
 90252 | Pan      | Noticed Fyaruenne the pandemonium lord
 90255 | Pan      | Killed Fyaruenne the pandemonium lord
 90690 | Pan      | Gained mutation: Armour fits poorly on your strangely
                  | shaped body. [a neqoxec]
 90775 | Pan      | Noticed Meumyot the pandemonium lord
 90796 | Pan      | Killed Meumyot the pandemonium lord
 91305 | Pan      | Gained mutation: You are frail. (-10% HP) [a neqoxec]
 91306 | Pan      | Gained mutation: Your magical capacity is low. (-10% MP) [a
                  | neqoxec]
 91309 | Pan      | Gained mutation: You are very frail. (-20% HP) [a neqoxec]
 91345 | Pan      | Lost mutation: You are very frail. (-20% HP) [potion of
                  | mutation]
 91345 | Pan      | Lost mutation: You have a pair of large horns on your head.
                  | [potion of mutation]
 91345 | Pan      | Lost mutation: You are clumsy. (Dex -2) [potion of
                  | mutation]
 91345 | Pan      | Gained mutation: You are strong-willed. (Will+) [potion of
                  | mutation]
 91346 | Pan      | Lost mutation: You have large cloven feet. [potion of
                  | mutation]
 91346 | Pan      | Lost mutation: You are strong-willed. (Will+) [potion of
                  | mutation]
 91346 | Pan      | Lost mutation: You are frail. (-10% HP) [potion of
                  | mutation]
 91346 | Pan      | Gained mutation: You are strong-willed. (Will+) [potion of
                  | mutation]
 91346 | Pan      | Gained mutation: You occasionally shout uncontrollably at
                  | your foes. [potion of mutation]
 91347 | Pan      | Lost mutation: You occasionally shout uncontrollably at
                  | your foes. [potion of mutation]
 91347 | Pan      | Lost mutation: You are strong-willed. (Will+) [potion of
                  | mutation]
 91347 | Pan      | Lost mutation: Armour fits poorly on your strangely shaped
                  | body. [potion of mutation]
 91347 | Pan      | Gained mutation: You have sharp fingernails. [potion of
                  | mutation]
 91347 | Pan      | Gained mutation: You have a pair of large horns on your
                  | head. [potion of mutation]
 91440 | Pan      | Noticed Qysogink the pandemonium lord
 91457 | Pan      | Killed Qysogink the pandemonium lord
 91499 | Pan      | Gained mutation: You occasionally lose the ability to read
                  | scrolls when taking damage. [a cacodemon]
 91501 | Pan      | Gained mutation: Your body sometimes deteriorates upon
                  | taking damage. [a cacodemon]
 91621 | Pan      | Entered the realm of Cerebov.
 91641 | Pan      | Identified the +7 halberd of the Leaping Ancients {elec,
                  | rPois Int+6}
 91793 | Pan      | Found the +6 sword of Cerebov {flame}
 91793 | Pan      | Noticed Cerebov
 91814 | Pan      | Annihilated by Cerebov

Illustrated notes

Levels and vault maps discovered:
D:1:      lightli_arrival_isolated_outpost, layout_rooms, minmay_crystal_water
D:2:      layout_loops_corners, shapermc_ecumenical_altar_mp_vishouse
D:3:      minmay_thinvault, layout_loops_cross, st_stairs_9, uniq_robin
D:4:      minmay_opposing_rooms, layout_loops_ring,
          hellmonk_ghost_happy_afterlife, hangedman_feature_mirror, uniq_pikel
D:5:      layout_cave_pools, lemuel_temple_firewalk_b, serial_park,
          serial_park_square1 [serial_park_minivault_5x5_8], serial_park_tiny_1,
          serial_park_tiny_1, serial_park_square2, serial_park_tiny_2
D:6:      layout_basic, nicolae_shop_gadgets
D:7:      wander_river, layout_cave_pods, mainiacjoe_overflow_big_doors
D:8:      layout_loops_cross, mainiacjoe_overflow_six_doors_small
D:9:      layout_long_grid, orc_david_3, enter_bailey_7,
          nicolae_shop_distant_corner_stores
D:10:     layout_grid_maze
D:11:     layout_loops_corners, lair_entry_dummy, minmay_stone_trees_large,
          uniq_erolcha
D:12:     kennysheep_big_flooded_room, layout_irregular_city
D:13:     layout_irregular_city, grunt_vaults_entry_tiered, serial_shops, shop,
          nicolae_shop_advertising_works [nicolae_subvault_shop_adworks],
          nicolae_shop_window_shopping, nicolae_stop_n_shop_1,
          kennysheep_little_box
D:14:     layout_roguey, portal_ice_cave_entry_pillars_four,
          gammafunk_ghost_abyssal_escape, uniq_jorgrun
D:15:     grunt_enter_depths_giant_problem, layout_irregular_city,
          pdpol_wu_jian_five_deadly_venoms, serial_shops,
          nicolae_shop_pleasant_corner_grove, nicolae_twisty_statue_hallways
Temple:   hellmonk_temple_of_storms
Lair:1:   layout_regular_city, chequers_serial_rivers_micro_b
Lair:2:   layout_chaotic_city, lemuel_fruit_tree, uniq_sonja
Lair:3:   layout_roguey, minmay_swamp_entry_worms,
          nicolae_spider_entry_orb_guardian
Lair:4:   layout_long_grid, minmay_slime_entry_jelly_boxes, basic_altar,
          nicolae_quartered_pool_little, infiniplex_staircase_pool
Lair:5:   hangedman_lair_tendril_chambers, layout_misc_corridors, wormcave,
          grunt_forest_small_clearing_treed, grunt_megastairs_1
Swamp:1:  layout_basic_swamp, ebering_ghost_xom, serial_swamp_ruin,
          hangedman_swamp_ruin_wall, evilmike_swamp_ruin_house_3,
          hangedman_swamp_ruin_hall, swamp_pool3, uniq_roxanne
Swamp:2:  layout_basic_swamp, evilmike_swamp_ruin_rubble_1, swamp_pool4
Swamp:3:  layout_falls_marsh, infiniplex_staircase_pool_2
Swamp:4:  swamp_basic_johnstein, layout_basic_swamp, swamp_pool4
Spider:1: layout_spider_delve, nicolae_spider_jagged_tunnels, uniq_louise
Spider:2: layout_chambers, uniq_nikola
Spider:3: layout_spider_delve
Spider:4: guppyfry_spider_rune, special_room [special_room_bee], uniq_arachne
Slime:1:  layout_caves
Slime:2:  cheibrodos_slime_lost_civilization_9, layout_caves
Slime:3:  layout_caves, nicolae_slime_phagocytosis
Slime:4:  layout_caves
Slime:5:  slime_pit_nicolae_block_by_block
Orc:1:    layout_diamond_mine
Orc:2:    grunt_orc_community_town_hall, layout_diamond_mine,
          grunt_orc_community_big_house_1, grunt_orc_community_big_house_2,
          grunt_orc_community_house_3, grunt_orc_community_house_2,
          grunt_orc_community_house_3, grunt_orc_community_house_3,
          grunt_orc_community_house_2, grunt_orc_community_house_2,
          serial_shops, nicolae_shop_hallway_stairs, minmay_orc_temple_c,
          uniq_rupert
Elf:1:    minmay_elf_arrival_plus, layout_loops_corners,
          hangedman_elf_represent, grunt_ministairs_2
Elf:2:    nicolae_elf_blades_crystal_corner, layout_geoelf_diagonals,
          serial_shops, nicolae_shop_behind_doors, nicolae_trove_entry_isolated,
          einodemon_armed_red_devil_minivault
Elf:3:    minmay_elf_hall_x, layout_geoelf_castle, uniq_norris
Vaults:1: ontoclasm_vaults_ring_small, nicolae_vaults_network_barrier,
          hangedman_vaults_trim, not_door_vault_due, vaults_room_fours,
          hangedman_vaults_nodes, v_misc_4, ontoclasm_vaults_ring_small,
          nicolae_vaults_little_squares_1, nicolae_vaults_six-pack,
          nicolae_vaults_tetromino_L_2, v_alt_pattern_4, v_misc_13,
          nicolae_vaults_storage_room_statues, vaults_room_semicircle,
          layout_vaults_maze_bifur, serial_shops, shop, uniq_donald
Vaults:2: nicolae_vaults_rhombus_5, vaults_room_hangedman_quadrants, v_misc_23,
          ontoclasm_vaults_pinch, nicolae_vaults_little_squares_3, v_misc_19,
          nicolae_vaults_storage_closets_2, nicolae_vaults_turnstiles,
          minmay_crypt_entry_vampire_xt, nicolae_vaults_weapon_check,
          ontoclasm_vaults_hangar, vaults_room_grid,
          nicolae_vaults_sesquioval_fish, layout_vaults_omnicross, uniq_zenata
Vaults:3: nicolae_vaults_lightning_bolt, vaults_dpeg_encased_lava, v_rooms_6,
          nicolae_vaults_frosty_reception,
          nicolae_vaults_storing_the_good_stuff, v_misc_31,
          nicolae_vaults_specimen_jars, ontoclasm_vaults_misaligned,
          layout_vaults_quadrants, uniq_asterion
Vaults:4: portal_desolation_entry_twin_temple,
          nicolae_vaults_offset_grid_hallway_2, v_misc_10, vaults_dpeg_cross,
          nicolae_vaults_loss_of_containment, nicolae_vaults_stepped_doors,
          nicolae_vaults_diamond_2, layout_vaults_chaotic_city, uniq_margery
Vaults:5: serial_shops
Crypt:1:  cheibrodos_crypt_eye_of_stone, layout_misc_corridors,
          grunt_crypt_arrival_webbed
Crypt:2:  layout_catacombs, lemuel_elevator
Crypt:3:  church_of_pain_bobbens, layout_chaotic_city, grunt_ministairs_14
Tomb:1
Depths:1: layout_forbidden_donut, minmay_misc_feat_rows,
          hangedman_abyss_entry_splay, grunt_mini_vestibule,
          worldfamousw_hep_ancestral_shrine, minmay_shop_star,
          infiniplex_staircase_pool_lava
Depths:2: cheibrodos_lost_city_excavation, layout_gridville, serial_shops,
          statue_bzr, kennysheep_decorative_pillar, pan_entry, hell_entry,
          okawaru_gym_becter
Depths:3: minmay_octagon_keep, layout_cave_pools, lemuel_tele_altar,
          abyss_entry_flame_altar, special_room [special_room_mythical_zoo],
          hell_entry, minmay_the_grid_2x2 [minmay_the_grid_dragon_a,
          minmay_the_grid_tri_star, minmay_the_grid_zigzag_pyramid,
          minmay_the_grid_prize_four_corners_diamond_b], minmay_shop_grove,
          uniq_vv
Depths:4: evilmike_zot_entry_basic, layout_cave_shapes, enter_ziggurat_c,
          hangedman_decor_cross_pass, serial_shops, nicolae_shop_rolling_square,
          hangedman_coc_ice_floe
Hell
Pan:      evilmike_mini_pan_branches, layout_cellular_growth,
          pan_blood_fountain, nicolae_pan_sigil_obb, pan_captured_pigsty,
          evilmike_holy_pan, evilmike_mini_pan_pillars, layout_irregular_city,
          pan_blood_fountain_small, evilmike_mini_pan_possible_glass,
          layout_rooms, evilmike_mini_pan_doors_b, layout_pan_divisions_a
          [pan_division_quadrant_a3, pan_division_quadrant_a2,
          pan_division_quadrant_a5, pan_division_quadrant_a6,
          pan_division_octagon_empty], pan_blood_fountain, grunt_pan_in_and_out,
          layout_gridlike, reaverb_pan_chaos_star, grunt_pan_sceptre,
          layout_gridlike, grunt_pan_spiral, layout_gridville, cerebov_grunt,
          layout_stronghold

Skill      XL: |  1  2  3  4  5  6  7  8  9 10 11 12 13 14 15 16 17 18 19 20 21 22 23 24 25 26 27 |
---------------+----------------------------------------------------------------------------------+-----
Axes           | 4 5 8 10 13 14 16 17 18 20 24 26 | 26.9
Fighting       | 4 5 6 9 10 11 15 18 19 20 23 24 25 27 | 27.0
Armour         | 3 5 7 10 13 14 16 17 | 17.3
Dodging        | 3 6 7 9 10 11 | 11.9
Shields        | 4 7 11 15 16 20 23 | 23.7
Evocations     | 6 10 15 | 15.8
Invocations    | 4 10 15 17 20 24 26 27 | 27.0
Throwing       | 10 | 10.0

Action                     |  1- 3 |  4- 6 |  7- 9 | 10-12 | 13-15 | 16-18 | 19-21 | 22-24 | 25-27 || total
---------------------------+-------+-------+-------+-------+-------+-------+-------+-------+-------++-------
  Melee: Hand axe          |    75 |   104 |   207 |       |       |       |       |       |       ||   386
         Headbutt          |    12 |     9 |    99 |    97 |   193 |   262 |   363 |   666 |   851 ||  2552
         Punch             |       |     1 |     4 |       |       |       |       |       |       ||     5
         War axe           |       |       |   227 |   300 |     4 |    61 |       |       |       ||   592
         Broad axe         |       |       |       |   147 |   858 |  1038 |  1262 |  1650 |  1880 ||  6835
         Morningstar       |       |       |       |       |    16 |       |       |       |       ||    16
  Throw: Dart              |       |       |       |     6 |       |       |       |       |       ||     6
         Throwing net      |       |       |       |       |       |       |       |       |     2 ||     2
 Invoke: Berserk           |     1 |     1 |     1 |     4 |     7 |       |     1 |       |       ||    15
         Trog's Hand       |       |       |     4 |     2 |     7 |     3 |     5 |       |       ||    21
         Brothers in Arms  |       |       |       |     1 |     2 |     1 |     5 |       |       ||     9
         Cleansing Flame   |       |       |       |       |       |       |       |    28 |    34 ||    62
         Brand Weapon With |       |       |       |       |       |       |       |     1 |       ||     1
         Summon Divine War |       |       |       |       |       |       |       |     1 |       ||     1
         Divine Shield     |       |       |       |       |       |       |       |       |     1 ||     1
  Evoke: Wand              |       |       |       |     4 |       |       |     4 |     1 |     1 ||    10
         Phial of floods   |       |       |       |       |       |       |     1 |       |     1 ||     2
    Use: Scroll            |       |       |     6 |     2 |     5 |    24 |     8 |    11 |     3 ||    59
         Potion            |       |       |     1 |       |     4 |     1 |     6 |     8 |    10 ||    30
   Stab: Invisible         |       |       |       |       |       |       |     3 |    12 |       ||    15
 Armour: Animal skin       |    24 |       |       |       |       |       |       |       |       ||    24
         Chain mail        |    10 |    69 |       |       |       |       |       |       |       ||    79
         Plate armour      |       |    16 |   376 |   238 |   501 |       |       |       |       ||  1131
         Leather armour    |       |       |       |       |    54 |     7 |       |       |       ||    61
         Crystal plate arm |       |       |       |       |     8 |  1083 |  1160 |   892 |   532 ||  3675
         Skin              |       |       |       |       |       |       |       |       |    14 ||    14
  Dodge: Dodged            |    52 |    51 |   115 |   101 |   216 |   269 |   262 |   269 |   114 ||  1449
  Block: Kite shield       |       |       |    37 |   176 |   538 |   424 |       |       |       ||  1175
         Tower shield      |       |       |       |       |       |   830 |  1874 |  1982 |  1795 ||  6481
         Reflection        |       |       |       |       |       |       |    23 |    42 |   123 ||   188
Riposte: Broad axe         |       |       |       |       |       |       |       |   153 |   529 ||   682

Table legend: (Time is in decaauts)
 A = Elapsed time spent in this place.
 B = Non-inter-level travel time spent in this place.
 C = Inter-level travel time spent in this place.
 D = Time resting spent in this place.
 E = Time spent auto-exploring this place.
 F = Levels seen in this place.
 G = Mean time per level.
                   A        B        C        D        E       F      G
               +--------+--------+--------+--------+--------+-----+--------+
         Total |  91578 |  82517 |   9061 |  21196 |  43339 |  69 | 1327.2 |
       Dungeon |  18437 |  14969 |   3468 |   2288 |  10090 |  15 | 1229.1 |
        Temple |      1 |      1 |      0 |      0 |      0 |   1 |    1.0 |
          Lair |   8840 |   8117 |    723 |   2234 |   4491 |   5 | 1768.0 |
         Swamp |   4287 |   3998 |    289 |    373 |   2864 |   4 | 1071.8 |
   Spider Nest |   8481 |   7775 |    706 |   2395 |   3770 |   4 | 2120.2 |
    Slime Pits |   1684 |   1663 |     21 |    666 |    549 |   5 |  336.8 |
  Orcish Mines |   2473 |   2128 |    345 |     74 |   1428 |   2 | 1236.5 |
   Elven Halls |   1642 |   1545 |     97 |    266 |    893 |   3 |  547.3 |
        Vaults |  17123 |  14476 |   2647 |   4076 |   7951 |   5 | 3424.6 |
         Crypt |   3902 |   3730 |    172 |    629 |   2213 |   3 | 1300.7 |
          Tomb |   2443 |   2317 |    126 |    873 |    780 |   1 | 2443.0 |
        Depths |   7935 |   7491 |    444 |   2931 |   3332 |   4 | 1983.8 |
          Hell |    481 |    463 |     18 |      0 |    327 |   1 |  481.0 |
         Abyss |    690 |    690 |      0 |      0 |    435 |   4 |  172.5 |
   Pandemonium |   8598 |   8598 |      0 |   2357 |   3707 |   9 |  955.3 |
        Bailey |    679 |    679 |      0 |    191 |    112 |   1 |  679.0 |
      Ice Cave |   1409 |   1409 |      0 |    788 |      3 |   1 | 1409.0 |
    Desolation |   2467 |   2467 |      0 |   1052 |    393 |   1 | 2467.0 |
               +--------+--------+--------+--------+--------+-----+--------+

Top non-repeatable levels by time:
Vaults:4: 6863 daAuts
Vaults:2: 3339 daAuts
Depths:2: 2828 daAuts
  Lair:5: 2752 daAuts
Vaults:1: 2640 daAuts
Spider:3: 2637 daAuts
Desolation: 2467 daAuts
  Tomb:1: 2443 daAuts
Vaults:3: 2436 daAuts
Spider:1: 2403 daAuts
    D:11: 2238 daAuts
Depths:1: 2158 daAuts
  Lair:4: 1951 daAuts
     D:9: 1911 daAuts
 Swamp:4: 1885 daAuts
